AoeStats
← Jaguar82

Arabia

510453532Analyzed
1v1 RM · 1d ago on Oct 1, 2026· 29m 20s· 2 players
Game mode
Random Map
Map size
Tiny (2 player)
Population
200
Speed
Normal
Resources
Standard
Victory
Conquest
Starting age
Dark Age
Ending age
Imperial Age
RankedLock teamsTeams togetherTeam positionsShared explorationLock speedFull tech treeHidden civsTurbo modeCheats
Victory
Defeat
🇲🇽 Khitans · Mexico
1476
+16
🇺🇿 Ethiopians · Uzbekistan
1472
-16
RedLeader
7:18 Loom
9:26 Feudal Age
10:19 Double-Bit Axe
15:37 Fletching
25:45 Castle Age
24:12 Gold Mining
24:35 Stone Mining
25:47 Crossbowman
26:23 Bodkin Arrow
Jaguar82
6:15 Loom
9:04 Feudal Age
9:55 Double-Bit Axe
10:14 Domestication
14:59 Forging
18:13 Scale Barding Armor
22:37 Castle Age
21:03 Gold Mining
23:51 Wheelbarrow
22:39 Light Cavalry
24:28 Iron Casting
24:49 Chain Barding Armor
24:37 Husbandry
27:32 Bow Saw
Connection lost

Rejoining the realm…

Still unreachable

The connection could not be restored.

Session expired

The server has moved on; the page needs a fresh start.